 Dungeon Crawl Stone Soup version 0.30-a0-802-gb92711bcdf (webtiles) character file.

Game seed: 17304294109031327502

979 cforsyth the Sneak (level 8, 0/48 HPs)
             Began as a Kobold Brigand on Feb 23, 2023.
             Slain by an ice beast (7 damage)
             ... on level 5 of the Dungeon.
             The game lasted 00:08:15 (4819 turns).

cforsyth the Sneak (Kobold Brigand)                 Turns: 4819, Time: 00:08:16

Health: 0/48       AC:  4    Str: 14    XL:     8   Next: 40%
Magic:  8/8        EV: 17    Int: 13    God:
Gold:   521        SH:  0    Dex: 18    Spells: 7/7 levels left

rFire   + . .      SeeInvis .    a - +2 dagger
rCold   + . .      Faith    .    (no shield)
rNeg    . . .      Spirit   .    b - +0 robe
rPois   +          Reflect  .    (no helmet)
rElec   +          Harm     .    c - +1 cloak
rCorr   +          Rampage  .    (no gloves)
Will    .....                    (no boots)
Stlth   +++++                    f - amulet of the acrobat
HPRegen 0.28/turn                k - +6 ring of strength
MPRegen 0.11/turn                (no ring)

@: resistant
A: small, no large weapons, nightstalker 3
a: no special abilities


You were on level 5 of the Dungeon.
You visited 1 branch of the dungeon, and saw 5 of its levels.
You also visited: Ossuary.

You collected 521 gold pieces.

Inventory:

Hand Weapons
 a - a +2 dagger (weapon)
Missiles
 d - 13 poisoned darts (quivered)
 e - 3 curare-tipped darts
 m - 2 throwing nets
Armour
 b - a +0 robe (worn)
 c - a +1 cloak (worn)
Jewellery
 f - an amulet of the acrobat (around neck)
 k - a +6 ring of strength (left hand)
Scrolls
 g - a scroll of teleportation
 p - a scroll of acquirement {unknown}
 t - 2 scrolls of enchant armour
Potions
 h - 2 potions of resistance
 i - 2 potions of mutation
 j - a potion of lignification
 l - 3 potions of curing
 o - a potion of berserk rage
 q - a potion of might {unknown}
 r - 2 potions of ambrosia
 s - 2 potions of heal wounds
 u - a potion of flight {unknown}


   Skills:
 + Level 4.9 Fighting
 + Level 5.9 Short Blades
 + Level 4.9 Throwing
 + Level 5.0 Dodging
 + Level 7.8 Stealth


You had 7 spell levels left.
You didn't know any spells.
Your spell library was empty.

Dungeon Overview and Level Annotations

Branches:
Dungeon (5/15)            Ossuary (visited)
 Temple: D:4-7

Altars:
Dithmenos
Elyvilon
Fedhas
Nemelex Xobeh
Sif Muna
Xom
The Shining One

Shops:
D:4 !

Annotations:
D:3 3 runed translucent doors


Innate Abilities, Weirdness & Mutations

You are small and have problems with some larger weapons.
You are completely attuned to the shadows.


Message History

The ice beast is moderately wounded.
Okay, then.
You feel protected. The ice beast misses you.
You hit the ice beast.
The ice beast is moderately wounded.
The ice beast completely misses you.
You barely miss the ice beast.
The ice beast is moderately wounded.
The ice beast closely misses you.
You hit the ice beast but do no damage.
The ice beast is moderately wounded.
The ice beast hits you but does no damage.
You hit the ice beast but do no damage.
The ice beast is moderately wounded.
You hit the ice beast.
The ice beast is moderately wounded.
The ice beast hits you but does no damage.
You hit the ice beast.
The ice beast is moderately wounded.
The ice beast hits you.
* * * LOW HITPOINT WARNING * * *
The ice beast freezes you. You resist.
* * * LOW HITPOINT WARNING * * *
You hit the ice beast.
The ice beast is heavily wounded.
You hit the ice beast.
The ice beast is heavily wounded.
The ice beast misses you.
You hit the ice beast.
The ice beast is heavily wounded.
The ice beast misses you.
You hit the ice beast.
The ice beast is severely wounded.
You barely miss the ice beast.
The ice beast is severely wounded.
The ice beast hits you.
* * * LOW HITPOINT WARNING * * *
The ice beast freezes you! You resist.
You die...

..#.............#
##...##...#####
#...##......#
#...##......####
.....##...............
......#.....†.........
......#..........#....
......#...............
+..Y@................
#...#####.. .........
#.... .[ ........
#..... ..........
#...... ..........
............
............
....#.......
........#...


You could see an ice beast.

Vanquished Creatures
  Eustachio (D:3)
  2 black bears
  2 phantoms
  A scorpion (D:3)
  A jelly (D:5)
  An orc priest (D:3)
  A hound (D:5)
  Jessica (D:2)
  2 iguanas (D:5)
  8 mummies (Ossuary)
  4 gnolls
  6 adders
  2 worms
  A dart slug (D:3)
  10 orcs
  5 ball pythons
  5 endoplasms
  4 giant cockroaches
  A gnoll zombie (Ossuary)
  9 goblins
  4 hobgoblins
  4 quokkas
  10 bats
  5 frilled lizards
  2 hobgoblin zombies (Ossuary)
  5 kobolds
  3 kobold zombies (Ossuary)
  2 orc zombies (Ossuary)
  7 rats
109 creatures vanquished.

Notes
Turn   | Place    | Note
-------+----------+-------------------------------------------
     0 | D:1      | cforsyth the Kobold Brigand began the quest for the Orb.
     0 | D:1      | Reached XP level 1. HP: 12/12 MP: 1/1
   136 | D:1      | Reached XP level 2. HP: 18/18 MP: 2/2
   561 | D:1      | Reached XP level 3. HP: 22/22 MP: 3/3
  1031 | D:2      | Noticed Jessica
  1034 | D:2      | Killed Jessica
  1035 | D:2      | Reached XP level 4. HP: 26/27 MP: 4/4
  1108 | D:2      | Found a shimmering altar of Xom.
  1288 | D:2      | Reached skill level 6 in Stealth
  1288 | D:2      | Reached XP level 5. HP: 32/32 MP: 5/5
  2106 | D:3      | Found a runed translucent gate.
  2111 | D:3      | Found a runed translucent gate.
  2116 | D:3      | Found a runed translucent gate.
  2165 | D:3      | Reached XP level 6. HP: 37/37 MP: 6/6
  2613 | D:4      | Found Ackunnaf's Distillery.
  2693 | D:4      | Found a sand-covered staircase.
  2698 | Ossuary  | Entered an ossuary
  2795 | Ossuary  | Reached XP level 7. HP: 42/42 MP: 7/7
  3362 | D:4      | Found a blossoming altar of Fedhas.
  3459 | D:4      | Noticed Eustachio
  3514 | D:3      | Reached skill level 5 in Short Blades
  3514 | D:3      | Reached skill level 7 in Stealth
  3744 | D:3      | Killed Eustachio
  4447 | D:4      | Found a white marble altar of Elyvilon.
  4448 | D:4      | Found a shadowy altar of Dithmenos.
  4449 | D:4      | Found a glowing golden altar of the Shining One.
  4493 | D:4      | Found a shimmering blue altar of Sif Muna.
  4564 | D:5      | Entered Level 5 of the Dungeon
  4608 | D:5      | Reached XP level 8. HP: 48/48 MP: 8/8
  4710 | D:5      | Found a sparkling altar of Nemelex Xobeh.
  4789 | D:5      | Reached skill level 5 in Dodging
  4819 | D:5      | Slain by an ice beast

Illustrated notes

Levels and vault maps discovered:
D:1:      sevenhm_arrival_forest_fort_small_4, layout_loops_cross
D:2:      layout_loops_cross, basic_altar, uniq_jessica
D:3:      cheibrodos_helix_gallery, layout_rooms, gammafunk_ghost_necromancy,
          chequers_serial_rivers_micro_a, minmay_box_of_dots
D:4:      layout_basic, fedhas_altar_1, nicolae_sif_muna_little_library,
          minitemple, serial_shops, nicolae_shop_behind_doors, enter_ossuary_2,
          hangedman_decor_clover_reticule, chequers_serial_rivers_small_3,
          minmay_statues_item, minmay_crystal_room, uniq_eustachio
D:5:      layout_basic, nemelex_spade_bored_becter, nicolae_ru_awakened_eye,
          mainiacjoe_overflow_concentric_impassable, overflow_temple_1_default,
          hangedman_decor_points

Skill      XL: |  1  2  3  4  5  6  7  8 |
---------------+-------------------------+-----
Short Blades   | 3 4 5 |  5.9
Dodging        | 2 3 4 5 |  5.0
Fighting       | 3 4 |  4.9
Throwing       | 3 4 |  4.9
Stealth        | 6 7 |  7.8

Action                     |  1- 3 |  4- 6 |  7- 9 || total
---------------------------+-------+-------+-------++-------
  Melee: Dagger            |    52 |   192 |   159 ||   403
         Punch             |     1 |     3 |     4 ||     8
    Use: Scroll            |       |     8 |     4 ||    12
         Potion            |       |     1 |     1 ||     2
   Stab: Sleeping          |    27 |    18 |    14 ||    59
         Distracted        |       |     2 |       ||     2
 Armour: Robe              |     7 |    21 |    22 ||    50
  Dodge: Dodged            |    22 |   172 |   153 ||   347

Table legend: (Time is in decaauts)
 A = Elapsed time spent in this place.
 B = Non-inter-level travel time spent in this place.
 C = Inter-level travel time spent in this place.
 D = Time resting spent in this place.
 E = Time spent auto-exploring this place.
 F = Levels seen in this place.
 G = Mean time per level.
                   A        B        C        D        E       F      G
               +--------+--------+--------+--------+--------+-----+--------+
         Total |   4751 |   4626 |    125 |    993 |   2621 |   6 |  791.8 |
       Dungeon |   4128 |   4003 |    125 |    797 |   2407 |   5 |  825.6 |
       Ossuary |    622 |    622 |      0 |    196 |    214 |   1 |  622.0 |
               +--------+--------+--------+--------+--------+-----+--------+

Top non-repeatable levels by time:
     D:3: 1188 daAuts
     D:1: 1051 daAuts
     D:4: 865 daAuts
     D:2: 804 daAuts
 Ossuary: 622 daAuts
     D:5: 218 daAuts
